 Dungeon Crawl Stone Soup version 0.27-a0-1502-g47ed6a6988 (webtiles) character file.

Game seed: 8219511287954651671

165 Spaninq the Cudgeller (level 5, -3/42 HPs)
             Began as a Troll Chaos Knight on July 8, 2021.
             Was a Plaything of Xom.
             Slain by Grinder (5 damage)
             ... on level 3 of the Dungeon.
             The game lasted 00:06:10 (1318 turns).

Spaninq the Cudgeller (Troll Chaos Knight)          Turns: 1318, Time: 00:06:13

Health: -3/42      AC:  6    Str: 20      XL:     5   Next: 21%
Magic:  4/4        EV: 10    Int:  7 (8)  God:    Xom [*.....]
Gold:   113        SH:  0    Dex: 10      Spells: 4/4 levels left

rFire    + . .     SeeInvis .   h - +0 whip (drain)
rCold    + . .     Faith    .   (no shield)
rNeg     . . .     Spirit   .   b - +2 robe
rPois    .         Reflect  .   (helmet restricted)
rElec    .         Harm     .   k - scarf {rC+ rF+}
rCorr    .         Rampage  .   (gloves unavailable)
Will     .....                  (boots unavailable)
Stlth    +.........             (no amulet)
HPRegen  1.14/turn              (no ring)
MPRegen  0.09/turn              (no ring)

@: attractive, flying
A: large, unfitting armour, claws 3, regeneration 1, shaggy fur 1, tough skin 1,
deterioration 1, frail 2
a: Renounce Religion


You were on level 3 of the Dungeon.
You worshipped Xom.
You were a special plaything of Xom.
You visited 1 branch of the dungeon, and saw 3 of its levels.

You collected 113 gold pieces.

Inventory:

Hand Weapons
 g - a +0 whip
 h - a +0 whip of draining (weapon)
Armour
 b - a +2 robe (worn)
 k - a scarf of resistance (worn)
Jewellery
 d - a ring of magical power
Scrolls
 c - 2 scrolls of enchant weapon {unknown}
 e - 2 scrolls of magic mapping {unknown}
 j - a scroll of fog {unknown}
 l - a scroll of teleportation {unknown}
Potions
 f - 2 potions of curing


   Skills:
 + Level 3.4 Fighting
 * Level 4.7 Maces & Flails
 - Level 1.9 Dodging


You had 4 spell levels left.
You didn't know any spells.
Your spell library contained the following spells:

 Spells                   Type           Power      Damage    Failure   Level
 Chain Lightning          Conj/Air       0%         N/A       100%        9
 Fire Storm               Conj/Fire      0%         5d1       100%        9


Dungeon Overview and Level Annotations

Branches:
Dungeon (3/15)

Altars:
Xom

Shops:
D:2 :

Annotations:
D:3 Grinder


Innate Abilities, Weirdness & Mutations

You are too large for most types of armour.
You have claws for hands.
Your natural rate of healing is unusually fast.
You are covered in fur. (AC +1)
You have tough skin. (AC +1)
Your body sometimes deteriorates upon taking damage.
You are very frail. (-20% HP)


Message History

Your body is suffused with distortional energy.
You feel frail. Grinder hits you.
You closely miss Grinder.
Grinder is lightly wounded.
Your shadow imp barely misses Grinder.
Grinder gestures at you.
You suddenly lose the ability to move!
Your crimson imp blinks!
Your shadow imp hits Grinder.
Grinder gestures at you. Pain shoots through your body!
* * * LOW HITPOINT WARNING * * *
Grinder hits you but does no damage.
Your shadow imp barely misses Grinder.
You can move again.
You hit Grinder.
Grinder is moderately wounded.
Your crimson imp degenerates into a cloud of primal chaos!
Grinder gestures at you. Pain shoots through your body!
* * * LOW HITPOINT WARNING * * *
Your shadow imp closely misses Grinder.
It was a potion of curing.
You feel better. Grinder closely misses you.
Your shadow imp hits Grinder.
It was a potion of attraction.
You feel attractive to monsters.
Your shadow imp disappears in a puff of smoke!
Grinder blinks!
Grinder is pulled toward you!
You barely miss Grinder.
Grinder is heavily wounded.
Grinder gestures at you. Pain shoots through your body!
* * * LOW HITPOINT WARNING * * *
It was a potion of flight.
You feel very buoyant.
You fly up into the air.
Grinder hits you.
* * * LOW HITPOINT WARNING * * *
You writhe in agony.
You die...
Xom laughs nastily!

....# #.########....
#...≈≈8≈≈.... #...≈≈≈....##
#...........# #..........#
.###.#..§.....# .........@....# #
###........###5####....
##......#..............#
..........####.######### ........
##....##.....# ####
.......###..).........# #>..
............##........# ####.#.
........###.#.........#####....#.
#†.......#.........#.....###..


You could see Grinder.

Vanquished Creatures
  An ice beast (D:3)
  2 adders
  3 orcs
  6 bats
  3 endoplasms (D:2)
  2 giant cockroaches (D:2)
  5 goblins
  5 hobgoblins
  5 quokkas (D:2)
  4 ball pythons
  3 frilled lizards
  6 kobolds (D:1)
  7 rats
52 creatures vanquished.

Vanquished Creatures (collateral kills)
  A dart slug (D:3)
  An orc (D:3)
  A goblin (D:3)
3 creatures vanquished.

Grand Total: 55 creatures vanquished

Notes
Turn   | Place    | Note
-------+----------+-------------------------------------------
     0 | D:1      | Spaninq the Troll Chaos Knight began the quest for the Orb.
     0 | D:1      | Reached XP level 1. HP: 22/22 MP: 0/0
    59 | D:1      | XOM: silly message
   192 | D:1      | XOM: blink monster(s)
   259 | D:1      | Reached skill level 3 in Maces & Flails
   286 | D:1      | Reached XP level 2. HP: 28/28 MP: 1/1
   410 | D:1      | XOM: give mutations
   410 | D:1      | Gained mutation: Your body sometimes deteriorates upon
                  | taking damage. [Xom's mischief]
   410 | D:1      | Gained mutation: Your magical capacity is low. (-10% MP)
                  | [Xom's mischief]
   410 | D:1      | Lost mutation: Your magical capacity is low. (-10% MP)
                  | [Xom's mischief]
   417 | D:1      | XOM: torment (16/29 hp)
   451 | D:1      | XOM: give mutation
   451 | D:1      | Gained mutation: You are frail. (-10% HP) [Xom's mischief]
   562 | D:2      | Reached XP level 3. HP: 26/32 MP: 2/2
   596 | D:2      | Found Pivuc's Book Shop.
   614 | D:2      | XOM: polymorph goblin -> quokka
   827 | D:2      | XOM: scenery: create altars
   877 | D:2      | Found a faded altar of an unknown god.
  1081 | D:3      | XOM: swap monsters
  1081 | D:3      | Noticed an ice beast
  1082 | D:3      | XOM: 1-stop teleportation journey
  1096 | D:3      | Reached skill level 4 in Maces & Flails
  1125 | D:3      | XOM: enchant monster (bad)
  1126 | D:3      | XOM: repel stairs
  1136 | D:3      | XOM: summons 2 friendly demons
  1169 | D:3      | Reached XP level 4. HP: 39/40 MP: 3/3
  1263 | D:3      | Killed an ice beast
  1264 | D:3      | Reached XP level 5. HP: 37/47 MP: 4/4
  1281 | D:3      | Noticed Grinder
  1287 | D:3      | XOM: summons 2 friendly demons
  1293 | D:3      | Paralysed by Grinder for 7 turns
  1310 | D:3      | XOM: give mutation
  1310 | D:3      | Gained mutation: You are very frail. (-20% HP) [Xom's
                  | mischief]
  1311 | D:3      | Paralysed by Grinder for 2 turns
  1318 | D:3      | HP: 2/42 [Grinder (2)]
  1318 | D:3      | Slain by Grinder

Illustrated notes

Levels and vault maps discovered:
D:1:      elethiomel_arrival_shortcut, layout_basic
D:2:      layout_rooms, hellmonk_ecumenical_altar_blasted, serial_shops, shop
D:3:      layout_rooms, moated_statue, uniq_grinder

Skill      XL: |  1  2  3 |
---------------+----------+-----
Maces & Flails | 3 4 |  4.7
Fighting       | 3 |  3.4
Dodging        | |  1.9

Action                   |  1- 3 |  4- 6 || total
-------------------------+-------+-------++-------
Melee: Whip              |   145 |    38 ||   183
       Mace              |     3 |       ||     3
  Use: Potion            |       |     3 ||     3
Armor: Robe              |    74 |    11 ||    85
Dodge: Dodged            |    69 |    16 ||    85

Table legend: (Time is in decaauts)
 A = Elapsed time spent in this place.
 B = Non-inter-level travel time spent in this place.
 C = Inter-level travel time spent in this place.
 D = Time resting spent in this place.
 E = Time spent auto-exploring this place.
 F = Levels seen in this place.
 G = Mean time per level.
                   A        B        C        D        E       F      G
               +--------+--------+--------+--------+--------+-----+--------+
         Total |   1304 |   1279 |     25 |      0 |    813 |   3 |  434.7 |
       Dungeon |   1304 |   1279 |     25 |      0 |    813 |   3 |  434.7 |
               +--------+--------+--------+--------+--------+-----+--------+

Top non-repeatable levels by time:
     D:2: 534 daAuts
     D:1: 500 daAuts
     D:3: 269 daAuts
